 Dungeon Crawl Stone Soup version 0.16.1-11-g651b585 (webtiles) character file.

2333 abixa the Cleaver (level 9, -3/75 HPs)
             Began as a Hill Orc Gladiator on Mar 30, 2015.
             Was a Priest of Qazlal.
             Slain by a wight
             ... wielding a +2 trident
              (7 damage)
             ... on level 7 of the Dungeon.
             The game lasted 00:25:24 (6563 turns).

abixa the Cleaver (Hill Orc Gladiator)              Turns: 6563, Time: 00:25:24

Health: -3/75      AC: 11    Str: 18    XL:     9   Next: 42%
Magic:  20/20      EV:  8    Int:  8    God:    Qazlal [***...]
Gold:   353        SH:  3    Dex: 14    Spells: 0 memorised, 8 levels left

rFire  . . .     SeeInvis .     a - +0 war axe
rCold  . . .     Clarity  .     g - +0 chain mail
rNeg   . . .     SustAb   .     (no shield)
rPois  .         Gourm    .     c - +0 helmet
rElec  .         Spirit   .     (no cloak)
rCorr  .         Warding  .     (no gloves)
rMut   .         Stasis   .     E - +0 pair of boots
MR     .....                    (no amulet)
Stlth  ..........               (no ring)
                                (no ring)

@: about to teleport, not resistant to hostile enchantments, extremely
unstealthy
A: no striking features
a: Upheaval, Elemental Force, Renounce Religion, Convert to Beogh


You were on level 7 of the Dungeon.
You worshipped Qazlal.
Qazlal was most pleased with you.
You were not hungry.

You visited 2 branches of the dungeon, and saw 8 of its levels.

You collected 353 gold pieces.

Inventory:

Hand weapons
 a - a +0 war axe (weapon)
 b - a +0 hunting sling
 q - a +0 short sword of venom
 I - a +0 blowgun
Missiles
 d - 3 throwing nets
 h - 145 stones (quivered)
 i - 20 sling bullets
 p - 37 bolts
 t - 25 arrows
 J - 6 needles of confusion
 O - a poisoned needle
Armour
 c - a +0 helmet (worn)
 g - a +0 chain mail (worn)
 E - a +0 pair of boots (worn)
Jewellery
 k - a +3 ring of dexterity {unknown}
 x - a cursed ring of teleportation {unknown}
 B - a cursed -3 ring of evasion {unknown}
Magical devices
 u - a wand of confusion (0)
 K - a wand of digging (3)
Scrolls
 e - 9 scrolls of identify {unknown}
 l - 2 scrolls of magic mapping {unknown}
 m - 3 scrolls of teleportation
 n - a scroll of immolation {unknown}
 v - 3 scrolls of enchant armour {unknown}
 y - a scroll of enchant weapon {unknown}
 A - a scroll of recharging {unknown}
 D - 3 scrolls of remove curse {unknown}
 L - a scroll of blinking {unknown}
 M - a scroll of noise {unknown}
Potions
 j - 2 potions of heal wounds {unknown}
 s - a potion of flight {unknown}
 w - a potion of degeneration {unknown}
 z - a potion of curing {unknown}
 C - 2 potions of haste {unknown}
 G - a potion of restore abilities {unknown}
 P - a potion of ambrosia {unknown}
Books
 F - a book of Battle

   Spells                             Type                      Level
   a - Infusion                       Charms                       1
   b - Shroud of Golubria             Charms/Translocation         2
   c - Song of Slaying                Charms                       2
   d - Spectral Weapon                Hexes/Charms                 3
   e - Regeneration                   Charms/Necromancy            3
Comestibles
 f - a meat ration
 o - 3 bread rations
 r - a beef jerky
 H - a chunk of flesh
 N - 2 fruits


   Skills:
 - Level 5.7 Fighting
 - Level 11.6 Axes
 - Level 2.0 Throwing
 - Level 4.2 Armour
 - Level 2.4 Dodging
 + Level 8.4 Invocations


You had 8 spell levels left.
You didn't know any spells.

Dungeon Overview and Level Annotations

Branches:
Dungeon (7/15)             Temple (1/1) D:4

Altars:
Ashenzari
Cheibriados
Fedhas
Gozag
Kikubaaqudgha
Makhleb
Nemelex Xobeh
Okawaru
Qazlal
Ru
Sif Muna
Trog
Vehumet
Xom
Yredelemnul
Zin
The Shining One


Message History

Okay, then.
Unknown command.
Evoke which item? (* to show all) (? for menu, Esc to quit)
Zapping:
u - a wand of confusion {zapped: 12} (will waste charges)
Press: ? - help, Shift-Dir - straight line, f - yak
Aim: a yak (chance 46%)
The yak appears confused.
Evoking this partially-identified wand wasted a few charges.
You block the centaur zombie's attack. The wight closely misses you.
You block the yak's attack. The yak gores you.
* * * LOW HITPOINT WARNING * * *
You slash the centaur zombie!
You destroy the centaur zombie!
Qazlal accepts your kill.
You hit the yak but do no damage. You barely miss the yak.
The orc wizard mumbles some strange words.
The orc wizard blinks!
The yak gores the yak!
The yak gores you.
* * * LOW HITPOINT WARNING * * *
The wight hits you from afar with an enchanted trident!
You die...

#.# ######.## #.# #.......# #.#
# ../....## #.# #.# .......# #.#
#.# #....#.## #.# #.# #....#..##
#### #.# #.# #...)....#
...#####.#######Y###o[).....###
...............BY@)zo[.((((.'...
....####....##########o..(..###
....# #....# #..((..# ....#
#....# #......## ....# #....#
#.o.....# ....# #....#
#.......## ....# ##....#
#o...(...# ##### #.....##
#...(.[#)## #......# #((....#.)#


You could see a goliath beetle, 2 yaks, a wight, an orc priest, an orc wizard
and an orc.

Vanquished Creatures
  2 yaks (D:7)
  2 ice beasts (D:7)
  2 ogres
  2 sky beasts
  A black bear (D:6)
  2 phantoms
  Sigmund (D:5)
  A giant frog (D:5)
  2 scorpions
  A water moccasin skeleton (D:4)
  7 wights (D:7)
  An orc priest (D:7)
  A centaur zombie (D:7)
  2 jellies (D:6)
  A goliath beetle (D:6)
  3 hounds
  2 orc wizards
  3 iguanas
  4 worker ants
  A gnoll (D:6)
  A worker ant zombie (D:6)
  2 shadow imps
  5 adders
  2 giant mites
  2 worms (D:3)
  2 adder skeletons
  7 giant geckos
  An ooze (D:3)
  9 orcs
  A ball python (D:2)
  9 bats
  A bat zombie (D:5)
  5 giant cockroaches
  13 goblins
  18 hobgoblins
  16 kobolds
  3 quokkas
  A giant gecko skeleton (D:4)
  7 giant newts
  A giant spore (D:6)
  12 rats
  A ballistomycete (D:6)
160 creatures vanquished.

Notes
Turn   | Place    | Note
--------------------------------------------------------------
     0 | D:1      | abixa, the Hill Orc Gladiator, began the quest for the Orb.
     0 | D:1      | Reached XP level 1. HP: 18/18 MP: 1/1
   290 | D:1      | Reached XP level 2. HP: 25/25 MP: 2/2
   692 | D:1      | Reached skill level 5 in Axes
  1028 | D:2      | Reached XP level 3. HP: 30/30 MP: 3/3
  1562 | D:3      | Reached skill level 6 in Axes
  1806 | D:3      | Reached XP level 4. HP: 37/37 MP: 4/4
  2346 | D:4      | Found a staircase to the Ecumenical Temple.
  2361 | Temple   | Entered the Ecumenical Temple
  2398 | Temple   | Became a worshipper of Qazlal Stormbringer
  2448 | D:4      | Reached skill level 7 in Axes
  2516 | D:4      | Reached XP level 5. HP: 42/42 MP: 5/5
  2609 | D:4      | Reached skill level 8 in Axes
  3486 | D:5      | Entered Level 5 of the Dungeon
  3488 | D:5      | Reached XP level 6. HP: 50/50 MP: 6/6
  3590 | D:5      | Acquired Qazlal's first power
  3717 | D:5      | Noticed Sigmund
  3755 | D:5      | Killed Sigmund
  3755 | D:5      | Reached skill level 9 in Axes
  3755 | D:5      | Reached skill level 1 in Armour
  3844 | D:5      | Noticed a phantom
  3877 | D:4      | Killed a phantom
  4113 | D:5      | Found a bloodstained altar of Trog.
  4113 | D:5      | Noticed an ogre
  4120 | D:5      | Killed an ogre
  4120 | D:5      | Reached XP level 7. HP: 20/57 MP: 7/7
  4524 | D:5      | Noticed a sky beast
  4555 | D:5      | Killed a sky beast
  4555 | D:5      | Reached skill level 10 in Axes
  4915 | D:6      | Acquired Qazlal's second power
  5040 | D:6      | Reached XP level 8. HP: 67/67 MP: 8/8
  5439 | D:6      | Reached skill level 5 in Fighting
  5439 | D:6      | Reached skill level 11 in Axes
  5824 | D:7      | Reached skill level 1 in Invocations
  5913 | D:7      | Reached XP level 9. HP: 20/75 MP: 14/16
  6075 | D:7      | Reached skill level 5 in Invocations
  6398 | D:7      | Acquired Qazlal's third power
  6563 | D:7      | Slain by a wight

Action                   |  1- 3 |  4- 6 |  7- 9 || total
-------------------------+-------+-------+-------++-------
Melee: War axe           |   102 |   133 |   333 ||   568
 Fire: Hunting sling     |    67 |    60 |    24 ||   151
       Blowgun           |       |       |    11 ||    11
Throw: Stone             |       |       |     4 ||     4
Invok: Upheaval          |       |       |     1 ||     1
Evoke: Wand              |       |     1 |     6 ||     7
  Use: Scroll            |       |       |     1 ||     1
 Stab: Confused          |       |     2 |     1 ||     3
  Eat: Chunk             |     2 |     8 |     8 ||    18
       Fruit             |       |       |     1 ||     1
